 Dungeon Crawl Stone Soup version 0.21.1-1-g345015fe64 (webtiles) character file.

3185 wardy167 the Spear-Bearer (level 9, -6/62 (63) HPs)
             Began as a Demonspawn Fighter on Apr 25, 2018.
             Was a Priest of Jiyva.
             Mangled by a two-headed ogre
             ... wielding a +2 dire flail of distortion
              (7 damage)
             ... on level 8 of the Dungeon on Apr 27, 2018.
             The game lasted 00:19:08 (7669 turns).

wardy167 the Spear-Bearer (Demonspawn Fighter)      Turns: 7669, Time: 00:19:08

HP:   -6/62 (63)    AC: 11    Str: 20    XL:     9   Next: 64%
MP:   0/9           EV:  8    Int: 10    God:    Jiyva [***...]
Gold: 64            SH:  8    Dex: 12    Spells: 8/8 levels left

rFire    . . .     SeeInvis .   a - +0 trident
rCold    . . .     Gourm    .   c - +0 shield
rNeg     . . .     Faith    .   b - +0 scale mail
rPois    .         Spirit   +   (helmet restricted)
rElec    .         Reflect  .   F - +2 cloak
rCorr    +         Harm     .   (no gloves)
MR       .....     Clarity  +   (no boots)
Stlth    ..........             (no amulet)
HPRegen  0.20/turn              (no ring)
MPRegen  0.11/turn              (no ring)

@: drained
A: antennae 1, clarity, frail 1, powered by pain 1, magic shield, sturdy frame 2
a: Request Jelly, Renounce Religion


You were on level 8 of the Dungeon.
You worshipped Jiyva.
Jiyva was most pleased with you.
You were not hungry.

You visited 2 branches of the dungeon, and saw 9 of its levels.

You collected 328 gold pieces.
You spent 264 gold pieces at shops.

Inventory:

Hand Weapons
 a - a +0 trident (weapon)
Armour
 b - a +0 scale mail (worn)
 c - a +0 shield (worn)
 F - a +2 cloak (worn)
Jewellery
 A - an uncursed amulet of regeneration {unknown}
Wands
 o - a wand of digging (9)
 t - a wand of disintegration (11)
 y - a wand of paralysis (17)
 C - a wand of polymorph (10)
Scrolls
 d - 2 scrolls of immolation {unknown}
 e - a scroll of silence {unknown}
 h - 2 scrolls of teleportation {unknown}
 k - 2 scrolls of magic mapping {unknown}
 n - a scroll of amnesia {unknown}
 p - 2 scrolls of fear {unknown}
 q - a scroll of fog {unknown}
 r - 5 scrolls of remove curse {unknown}
 s - 2 scrolls of enchant armour {unknown}
 v - 4 scrolls of identify {unknown}
 B - a scroll of holy word {unknown}
Potions
 u - 2 potions of degeneration {unknown}
 x - 3 potions of curing
 G - a potion of magic {unknown}
 H - 2 potions of heal wounds
 I - a potion of might
Books
 l - a book of Maledictions

   Spells                             Type                      Level
   a - Corona                         Hexes                        1
   b - Ensorcelled Hibernation        Hexes/Ice                    2
   c - Confuse                        Hexes                        3
   d - Tukima's Dance                 Hexes                        3
   e - Dazzling Spray                 Conjuration/Hexes            3
Comestibles
 f - 10 rations


   Skills:
 * Level 6.5(5.4) Fighting
 - Level 8.3(7.2) Polearms
 * Level 8.2(7.1) Armour
 - Level 0.2(0.0) Dodging
 - Level 2.8(1.8) Shields


You had 8 spell levels left.
You didn't know any spells.

Dungeon Overview and Level Annotations

Branches:
Dungeon (8/15)             Temple (1/1) D:5
   Lair: D:8-11

Altars:
Ashenzari
Cheibriados
Elyvilon
Gozag
Hepliaklqana
Makhleb
Nemelex Xobeh
Okawaru
Sif Muna
Trog
Uskayaw
Vehumet
Wu Jian
Yredelemnul
Jiyva

Shops:
D:7 !

Annotations:
D:4 Dox's ghost, amateur OpWz


Innate Abilities, Weirdness & Mutations

You have a pair of small antennae on your head.
You sometimes gain a little power by taking damage.
When hurt, damage is shared between your health and your magic reserves.
Your movements are less encumbered by armour. (ER -4)
You possess an exceptional clarity of mind.
You are frail. (-10% HP)


Message History

The two-headed ogre is lightly wounded.
You barely miss the two-headed ogre.
The two-headed ogre is lightly wounded.
The two-headed ogre hits you with a dire flail of distortion!
You focus on the pain.
You feel your power returning.
The two-headed ogre hits you with a giant club!
You focus on the pain.
You feel your power returning.
You puncture the two-headed ogre!
The two-headed ogre is lightly wounded.
The two-headed ogre hits you with a dire flail of distortion!
Space warps horribly around you!
* * * LOW HITPOINT WARNING * * *
You focus on the pain.
You feel your power returning.
The two-headed ogre hits you with a giant club!
* * * LOW HITPOINT WARNING * * *
There is an open door here.
The two-headed ogre hits you with a dire flail of distortion!
* * * LOW HITPOINT WARNING * * *
Space warps horribly around you!
You die...

### #.. #.#
#######.#
#.....#.#
#.....#.# #
####.....#.##.#
.......@O'..>.#
##......J#.#..#
.........#.#.....
##......##.#.#####
.......
#......##.#.#
..<...#
#.........#.#
......#
###....####.#
........ #....# .#
.... ... #....#


You could see a two-headed ogre and a neutral ooze (fellow slime).

Vanquished Creatures
  A two-headed ogre (D:8)
  Grinder (D:6)
  The ghost of Ivernyr the Covered, an amateur DsSk (D:5)
  A hungry ghost (D:7)
  The ghost of Burgietje the Vandal, an amateur GrHu (D:3)
  4 ogres
  An orc warrior (D:7)
  A sky beast (D:5)
  3 necrophages (D:8)
  3 bullfrogs
  A gnoll sergeant (D:4)
  6 wights (D:8)
  2 crimson imps
  Crazy Yiuf (D:5)
  A jelly (D:5)
  3 hounds
  2 orc priests
  3 orc wizards
  An iguana (D:8)
  3 worker ants
  Terence (D:2)
  4 gnolls (D:4)
  5 adders
  A shadow imp (D:7)
  2 adder skeletons
  2 worms (D:4)
  3 leopard geckos
  10 orcs
  10 bats
  7 giant cockroaches
  4 hobgoblins
  4 jackals (D:2)
  3 quokkas
  2 ball pythons (D:2)
  5 frilled lizards
  5 goblins (D:1)
  3 jackal skeletons
  7 kobolds
  8 rats
126 creatures vanquished.

Vanquished Creatures (others)
  An ice beast (D:8)
  2 sky beasts
  A centaur (D:8)
  A bullfrog (D:6)
  A wight (D:8)
  19 jellies
  An orc priest (D:6)
  2 orc wizards (D:8)
  A statue (D:6)
  4 orcs (D:6)
  3 jackals (D:6)
  A quokka (D:7)
37 creatures vanquished.

Grand Total: 163 creatures vanquished

Notes
Turn   | Place    | Note
-------+----------+-------------------------------------------
     0 | D:1      | wardy167 the Demonspawn Fighter began the quest for the Orb.
     0 | D:1      | Reached XP level 1. HP: 18/18 MP: 1/1
   133 | D:1      | Gained mutation: You have a pair of small antennae on your head. [demonic ancestry]
   133 | D:1      | Reached XP level 2. HP: 21/24 MP: 2/2
   603 | D:2      | Gained mutation: Your movements are slightly less encumbered by armour. (ER -2) [demonic ancestry]
   603 | D:2      | Reached XP level 3. HP: 29/29 MP: 3/3
   978 | D:2      | Noticed Terence
  1011 | D:2      | Killed Terence
  1011 | D:2      | Reached XP level 4. HP: 11/35 MP: 4/4
  1974 | D:3      | Found a bloodstained altar of Trog.
  2222 | D:3      | Noticed Burgietje's ghost (amateur GrHu)
  2238 | D:3      | Gained mutation: Your system is resistant to poisons. (rPois) [potion of mutation]
  2238 | D:3      | Gained mutation: Your muscles are strong. (Str +2) [potion of mutation]
  2248 | D:3      | Killed Burgietje's ghost
  2248 | D:3      | Reached skill level 5 in Polearms
  2248 | D:3      | Gained mutation: When hurt, damage is shared between your health and your magic reserves. [demonic ancestry]
  2248 | D:3      | Reached XP level 5. HP: 12/41 MP: 5/5
  2556 | D:3      | Reached XP level 6. HP: 39/47 MP: 4/6
  2870 | D:4      | HP: 1/47 [ogre/giant spiked club (13)]
  2879 | D:4      | Noticed Dox's ghost (amateur OpWz)
  3664 | D:5      | Entered Level 5 of the Dungeon
  3710 | D:5      | Noticed a sky beast
  3728 | D:5      | Killed a sky beast
  3728 | D:5      | Reached XP level 7. HP: 10/52 MP: 0/7
  3759 | D:5      | Noticed Ivernyr's ghost (amateur DsSk)
  3822 | D:5      | Killed Ivernyr's ghost
  4207 | D:5      | Found a sparkling altar of Nemelex Xobeh.
  4266 | D:5      | Found an opulent altar of Gozag.
  4307 | D:5      | Found a shattered altar of Ashenzari.
  4360 | D:5      | Found a staircase to the Ecumenical Temple.
  4372 | Temple   | Entered the Ecumenical Temple
  4384 | Temple   | Became a worshipper of Jiyva Jetioruh the Shapeless
  4691 | D:5      | Found an ornate altar of the Wu Jian Council.
  4755 | D:5      | Found a snail-covered altar of Cheibriados.
  4817 | D:5      | Found a runed door.
  4893 | D:5      | Noticed Crazy Yiuf
  4902 | D:5      | Killed Crazy Yiuf
  5217 | D:6      | Gained mutation: You sometimes gain a little power by taking damage. [demonic ancestry]
  5217 | D:6      | Reached XP level 8. HP: 42/58 MP: 5/8
  5307 | D:6      | Found a burning altar of Makhleb.
  5327 | D:6      | Reached * piety under Jiyva
  5664 | D:6      | Found a radiant altar of Vehumet.
  5812 | D:6      | Noticed Grinder
  5824 | D:6      | Killed Grinder
  6090 | D:7      | Reached skill level 5 in Armour
  6150 | D:7      | Reached ** piety under Jiyva
  6346 | D:7      | Found a basalt altar of Yredelemnul.
  6412 | D:7      | Found a white marble altar of Elyvilon.
  6498 | D:7      | Reached *** piety under Jiyva
  6534 | D:7      | Found Ygorche's Distillery.
  6542 | D:7      | Bought a potion of mutation for 96 gold pieces
  6542 | D:7      | Bought a potion of heal wounds for 60 gold pieces
  6542 | D:7      | Bought a potion of might for 48 gold pieces
  6542 | D:7      | Bought a potion of heal wounds for 60 gold pieces
  6542 | D:7      | Lost mutation: Your muscles are strong. (Str +2) [potion of mutation]
  6542 | D:7      | Lost mutation: Your system is resistant to poisons. (rPois) [potion of mutation]
  6542 | D:7      | Gained mutation: You are frail. (-10% HP) [potion of mutation]
  6542 | D:7      | Gained mutation: You possess an exceptional clarity of mind. [potion of mutation]
  6542 | D:7      | Gained mutation: Your flesh is heat resistant. (rF+) [potion of mutation]
  6813 | D:7      | Lost mutation: Your flesh is heat resistant. (rF+) [Jiyva's grace]
  6962 | D:8      | Noticed a two-headed ogre
  6969 | D:8      | Killed a two-headed ogre
  6969 | D:8      | Reached skill level 5 in Fighting
  6969 | D:8      | Gained mutation: Your movements are less encumbered by armour. (ER -4) [demonic ancestry]
  6969 | D:8      | Reached XP level 9. HP: 62/62 MP: 9/9
  6990 | D:8      | Reached **** piety under Jiyva
  7106 | D:8      | Found a hide-covered altar of Uskayaw.
  7142 | D:8      | Found an iron altar of Okawaru.
  7280 | D:8      | Gained mutation: You are clumsy. (Dex -2) [Jiyva's grace]
  7297 | D:8      | Reached ***** piety under Jiyva
  7298 | D:8      | Lost mutation: You are clumsy. (Dex -2) [Jiyva's power]
  7442 | D:8      | Found a deep blue altar of Sif Muna.
  7661 | D:8      | Noticed a two-headed ogre
  7669 | D:8      | HP: 1/62 [two-headed ogre/dire flail of distortion (10)]
  7669 | D:8      | Mangled by a two-headed ogre

Skill      XL: |  1  2  3  4  5  6  7  8  9 |
---------------+----------------------------+-----
Polearms       | 2 3 5 7 8 |  8.3
Armour         | 3 7 8 |  8.2
Fighting       | 5 6 |  6.5
Dodging        | |  0.2
Shields        | |  2.8

Action                   |  1- 3 |  4- 6 |  7- 9 || total
-------------------------+-------+-------+-------++-------
Melee: Trident           |   158 |   189 |   426 ||   773
Invok: Request Jelly     |       |       |     2 ||     2
       Slimify           |       |       |     1 ||     1
       Cure Bad Mutation |       |       |     1 ||     1
  Use: Potion            |       |     8 |     4 ||    12
  Eat: Chunk             |       |     6 |     9 ||    15
       Ration            |       |     1 |     1 ||     2
Armor: Scale mail        |    73 |    58 |   117 ||   248
       Skin              |       |     6 |       ||     6
Dodge: Dodged            |    52 |    35 |    78 ||   165
Block: Shield            |    64 |    52 |   140 ||   256
